PBL
PITTSBURGH PIRATES @ CINCINNATI REDS
07/22/2071
 
TOP OF THE 1ST
Pittsburgh Pirates batting - Pitching for Cincinnati Reds : RHP Ichizo Ine
Pitching: RHP Ichizo Ine
Batting: RHB John Simpson 0-0: Ground out 3-1 (Groundball, 34, EV 80.6 MPH)
Batting: LHB Kirila Naretha 0-0: Ball
1-0: Called Strike
1-1: Called Strike
1-2: Foul Ball, location: 2F
1-2: Ground out 6-3 (Groundball, 56, EV 90.6 MPH)
Batting: RHB Spencer Knight 0-0: Called Strike
0-1: SINGLE (Groundball, 56D, EV 100.6 MPH)
Batting: RHB Zong-yuan Yue 0-0: Swinging Strike
0-1: Swinging Strike
0-2: Foul Ball, location: 23F
0-2: Foul Ball, location: 2F
0-2: Ball
1-2: Foul Ball, location: 5SF
1-2: Ball
2-2: Strikes out looking
Top of the 1st over - 0 runs, 1 hit, 0 errors, 1 left on base; Pittsburgh 0 - Cincinnati 0
BOTTOM OF THE 1ST
Cincinnati Reds batting - Pitching for Pittsburgh Pirates : RHP Steve Morris
Pitching: RHP Steve Morris
Batting: RHB Nick Reed 0-0: Called Strike
0-1: Foul Ball, location: 9LMF
0-2: Foul Ball, location: 2F
0-2: Fly out, F6 (Popup, 6S, EV 74.4 MPH)
Batting: LHB Rubén Reyes 0-0: Called Strike
0-1: Foul Ball, location: 23F
0-2: Fly out, F8 (Flyball, 89S, EV 86.3 MPH)
Batting: LHB Greg McIntosh 0-0: Called Strike
0-1: Ball
1-1: Foul Ball, location: 7LSF
1-2: SINGLE (Groundball, 4D, EV 110.0 MPH)
Batting: LHB Javier Gómez 0-0: Called Strike
Greg McIntosh steals 2nd base
0-1: Ball
1-1: Fly out, F9 (Flyball, 89M, EV 88.8 MPH)
Bottom of the 1st over - 0 runs, 1 hit, 0 errors, 1 left on base; Pittsburgh 0 - Cincinnati 0
TOP OF THE 2ND
Pittsburgh Pirates batting - Pitching for Cincinnati Reds : RHP Ichizo Ine
Batting: RHB George Alexander 0-0: Ball
1-0: Called Strike
1-1: Fly out, F3 (Popup, 34S, EV 81.3 MPH)
Batting: LHB Greg Meyer 0-0: Called Strike
0-1: Foul Ball, location: 2F
0-2: Strikes out looking
Batting: RHB Gerald Dittler 0-0: SINGLE (Line Drive, 3D, EV 61.3 MPH)
Batting: LHB Lúcio Rivera 0-0: Ball
1-0: SINGLE (Groundball, 4MD, EV 110.6 MPH)
Gerald Dittler to second
Runner from 2nd tries for 3rd, OUT! 8-5
Top of the 2nd over - 0 runs, 2 hits, 0 errors, 1 left on base; Pittsburgh 0 - Cincinnati 0
BOTTOM OF THE 2ND
Cincinnati Reds batting - Pitching for Pittsburgh Pirates : RHP Steve Morris
Batting: LHB Miguel Ballerini 0-0: Swinging Strike
0-1: Foul Ball, location: 2RF
0-2: Strikes out swinging
Batting: RHB Ramón García 0-0: Foul Ball, location: 2F
0-1: Swinging Strike
0-2: Ball
1-2: Fly out, F7 (Line Drive, 78M, EV 83.8 MPH)
Batting: RHB Bob Calfee 0-0: Ball
1-0: Fly out, F7 (Flyball, 7, EV 90.0 MPH)
Bottom of the 2nd over - 0 runs, 0 hits, 0 errors, 0 left on base; Pittsburgh 0 - Cincinnati 0
TOP OF THE 3RD
Pittsburgh Pirates batting - Pitching for Cincinnati Reds : RHP Ichizo Ine
Batting: RHB Luis Cervantes 0-0: Called Strike
0-1: Swinging Strike
0-2: Strikes out swinging
Batting: RHB John Simpson 0-0: Fly out, F3 (Popup, 3SF, EV 73.8 MPH)
Batting: LHB Kirila Naretha 0-0: Ball
1-0: Ball
2-0: Ball
3-0: Called Strike
3-1: Foul Ball, location: 5FF
3-2: Strikes out swinging
Top of the 3rd over - 0 runs, 0 hits, 0 errors, 0 left on base; Pittsburgh 0 - Cincinnati 0
BOTTOM OF THE 3RD
Cincinnati Reds batting - Pitching for Pittsburgh Pirates : RHP Steve Morris
Batting: RHB Sancho Madrigal 0-0: Called Strike
0-1: Foul Ball, location: 7LSF
0-2: Ball
1-2: Foul Ball, location: 9LDF
1-2: Strikes out swinging
Batting: LHB Kwang-sik Pom 0-0: Fly out, F3 (Line Drive, 3, EV 69.4 MPH)
Batting: RHB Nick Reed 0-0: Ball
1-0: Ball
2-0: Foul Ball, location: 9LDF
2-1: Ground out 6-3 (Groundball, 6M, EV 83.1 MPH)
Bottom of the 3rd over - 0 runs, 0 hits, 0 errors, 0 left on base; Pittsburgh 0 - Cincinnati 0
TOP OF THE 4TH
Pittsburgh Pirates batting - Pitching for Cincinnati Reds : RHP Ichizo Ine
Batting: RHB Spencer Knight 0-0: Called Strike
0-1: Foul Ball, location: 3F
0-2: Ball
1-2: Ball
2-2: Ground out 6-3 (Groundball, 6, EV 89.4 MPH)
Batting: RHB Zong-yuan Yue 0-0: Called Strike
0-1: Swinging Strike
0-2: Strikes out swinging
Batting: RHB George Alexander 0-0: Ball
1-0: Ball
2-0: Ball
3-0: Base on Balls
Batting: LHB Greg Meyer 0-0: Ball
1-0: Ball
2-0: Foul Ball, location: 2F
2-1: Ground out 4-3 (Groundball, 4, EV 88.8 MPH)
Top of the 4th over - 0 runs, 0 hits, 0 errors, 1 left on base; Pittsburgh 0 - Cincinnati 0
BOTTOM OF THE 4TH
Cincinnati Reds batting - Pitching for Pittsburgh Pirates : RHP Steve Morris
Batting: LHB Rubén Reyes 0-0: Foul Ball, location: 2F
0-1: SOLO HOME RUN (Flyball, 7D, EV 101.3 MPH), Distance : 397 ft
Batting: LHB Greg McIntosh 0-0: Fly out, F8 (Flyball, 89M, EV 75.6 MPH)
Batting: LHB Javier Gómez 0-0: Ball
1-0: Ball
2-0: Ball
3-0: SINGLE (Line Drive, 9S, EV 97.5 MPH)
Batting: LHB Miguel Ballerini 0-0: Ball
1-0: SINGLE (Line Drive, 5D, EV 99.4 MPH)
Javier Gómez to second
Batting: RHB Ramón García 0-0: Called Strike
0-1: Fly out, F9 (Flyball, 9D, EV 97.5 MPH)
Runner from 2nd tags up, SAFE at 3rd, no throw by RF
Batting: RHB Bob Calfee 0-0: Ball
1-0: Called Strike
1-1: Foul Ball, location: 2F
1-2: Strikes out swinging
Bottom of the 4th over - 1 run, 3 hits, 0 errors, 2 left on base; Pittsburgh 0 - Cincinnati 1
TOP OF THE 5TH
Pittsburgh Pirates batting - Pitching for Cincinnati Reds : RHP Ichizo Ine
Batting: RHB Gerald Dittler 0-0: Ball
1-0: Foul Ball, location: 5FF
1-1: Foul Ball, location: 5DF
1-2: Fly out, F8 (Flyball, 8LD, EV 98.8 MPH)
Batting: LHB Lúcio Rivera 0-0: Called Strike
0-1: Called Strike
0-2: Strikes out swinging
Batting: RHB Luis Cervantes 0-0: Called Strike
0-1: Called Strike
0-2: Ball
1-2: Ball
2-2: Ball
3-2: Ground out 6-3 (Groundball, 6, EV 85.6 MPH)
Top of the 5th over - 0 runs, 0 hits, 0 errors, 0 left on base; Pittsburgh 0 - Cincinnati 1
BOTTOM OF THE 5TH
Cincinnati Reds batting - Pitching for Pittsburgh Pirates : RHP Steve Morris
Batting: RHB Sancho Madrigal 0-0: Ball
1-0: Foul Ball, location: 9LSF
1-1: Swinging Strike
1-2: Ground out 5-3 (Groundball, 56, EV 90.6 MPH)
Batting: LHB Kwang-sik Pom 0-0: Ball
1-0: Called Strike
1-1: Foul Ball, location: 2F
1-2: Ball
2-2: Foul Ball, location: 7LMF
2-2: Ground out 3-1 (Groundball, 34, EV 83.8 MPH)
Batting: RHB Nick Reed 0-0: Ball
1-0: Swinging Strike
1-1: Swinging Strike
1-2: Strikes out looking
Bottom of the 5th over - 0 runs, 0 hits, 0 errors, 0 left on base; Pittsburgh 0 - Cincinnati 1
TOP OF THE 6TH
Pittsburgh Pirates batting - Pitching for Cincinnati Reds : RHP Ichizo Ine
Batting: RHB John Simpson 0-0: Called Strike
0-1: Called Strike
0-2: Foul Ball, location: 2F
0-2: SINGLE (Groundball, 34D, EV 94.4 MPH)
Batting: LHB Kirila Naretha 0-0: Called Strike
John Simpson steals 2nd base
0-1: Foul Ball, location: 9LDF
0-2: Foul Ball, location: 2F
0-2: Ball
1-2: Fly out, F9 (Line Drive, 89S, EV 90.0 MPH)
Batting: RHB Spencer Knight 0-0: Called Strike
0-1: Ground out 5-3 (Groundball, 56S, EV 82.5 MPH)
Batting: RHB Zong-yuan Yue 0-0: Ball
1-0: Foul Ball, location: 9LMF
1-1: Ball
Wild Pitch!
John Simpson to third
2-1: Called Strike
2-2: Fly out, F8 (Flyball, 89D, EV 93.1 MPH)
Top of the 6th over - 0 runs, 1 hit, 0 errors, 1 left on base; Pittsburgh 0 - Cincinnati 1
BOTTOM OF THE 6TH
Cincinnati Reds batting - Pitching for Pittsburgh Pirates : RHP Steve Morris
Batting: LHB Rubén Reyes 0-0: Swinging Strike
0-1: Ball
1-1: Called Strike
1-2: Ball
2-2: Foul Ball, location: 3SF
2-2: Ball
3-2: Strikes out swinging
Batting: LHB Greg McIntosh 0-0: Foul Ball, location: 7LSF
0-1: Called Strike
0-2: Ball
1-2: SOLO HOME RUN (Flyball, 89XD, EV 98.1 MPH), Distance : 375 ft
Batting: LHB Javier Gómez 0-0: Ball
1-0: Foul Ball, location: 2RF
1-1: Ball
2-1: Swinging Strike
2-2: Ball
3-2: Fly out, F9 (Flyball, 9, EV 89.4 MPH)
Batting: LHB Miguel Ballerini 0-0: Ball
1-0: Called Strike
1-1: Ground out U3 (Groundball, 3, EV 88.1 MPH)
Bottom of the 6th over - 1 run, 1 hit, 0 errors, 0 left on base; Pittsburgh 0 - Cincinnati 2
TOP OF THE 7TH
Pittsburgh Pirates batting - Pitching for Cincinnati Reds : RHP Ichizo Ine
Batting: RHB George Alexander 0-0: Called Strike
0-1: Foul Ball, location: 2F
0-2: Foul Ball, location: 5SF
0-2: Ball
1-2: Ball
2-2: Ball
3-2: SINGLE (Groundball, 56D, EV 109.4 MPH)
Batting: LHB Greg Meyer 0-0: Swinging Strike
0-1: Ball
1-1: Swinging Strike
1-2: Ball
2-2: SINGLE (Groundball, 56D, EV 95.6 MPH)
George Alexander to second
Batting: RHB Gerald Dittler 0-0: Called Strike
0-1: Ball
1-1: Ball
2-1: Swinging Strike
2-2: Strikes out swinging
Batting: LHB Lúcio Rivera 0-0: Called Strike
0-1: Ball
1-1: Ball
2-1: Ball
3-1: Foul Ball, location: 7LMF
3-2: SINGLE (Groundball, 4S, EV 65.6 MPH) (infield hit)
George Alexander to third
Greg Meyer to second
Batting: RHB Luis Cervantes 0-0: Called Strike
0-1: Ball
1-1: Foul Ball, location: 2F
1-2: Strikes out swinging
Pitching: RHP Jim Barker
Batting: RHB John Simpson 0-0: Ball
1-0: Fly out, F8 (Flyball, 89XD, EV 98.1 MPH)
Top of the 7th over - 0 runs, 3 hits, 0 errors, 3 left on base; Pittsburgh 0 - Cincinnati 2
BOTTOM OF THE 7TH
Cincinnati Reds batting - Pitching for Pittsburgh Pirates : RHP Steve Morris
Batting: RHB Ramón García 0-0: Ground out 4-3 (Groundball, 4S, EV 63.8 MPH)
Batting: RHB Bob Calfee 0-0: Called Strike
0-1: Ball
1-1: SINGLE (Line Drive, 4D, EV 94.4 MPH)
Batting: RHB Sancho Madrigal 0-0: Ball
1-0: Foul Ball, location: 5DF
1-1: Swinging Strike
1-2: Strikes out swinging
Pitching: LHP Bill Pomeroy
Batting: LHB Kwang-sik Pom 0-0: Called Strike
0-1: Called Strike
0-2: Ball
1-2: Strikes out swinging
Bottom of the 7th over - 0 runs, 1 hit, 0 errors, 1 left on base; Pittsburgh 0 - Cincinnati 2
TOP OF THE 8TH
Pittsburgh Pirates batting - Pitching for Cincinnati Reds : RHP Jim Barker
Now in LF: Greg McIntosh
Now in CF: Carlos Flores
Batting: LHB Kirila Naretha 0-0: Foul Ball, location: 3F
0-1: Ball
1-1: Fly out, F8 (Flyball, 8LD, EV 100.0 MPH)
Batting: RHB Spencer Knight 0-0: Called Strike
0-1: Ball
1-1: Fly out, F8 (Flyball, 78D, EV 102.5 MPH)
Batting: RHB Zong-yuan Yue 0-0: Ball
1-0: Ball
2-0: Swinging Strike
2-1: Ball
3-1: Base on Balls
Batting: RHB George Alexander 0-0: Ground out 1-3 (Groundball, 15S, EV 85.6 MPH)
Top of the 8th over - 0 runs, 0 hits, 0 errors, 1 left on base; Pittsburgh 0 - Cincinnati 2
BOTTOM OF THE 8TH
Cincinnati Reds batting - Pitching for Pittsburgh Pirates : LHP Bill Pomeroy
Batting: RHB Nick Reed 0-0: Ball
1-0: Ball
2-0: Ball
3-0: Called Strike
3-1: Foul Ball, location: 2F
3-2: Base on Balls
Batting: LHB Rubén Reyes 0-0: Called Strike
0-1: Ball
1-1: Foul Ball, location: 2LF
1-2: Ball
2-2: Ball
3-2: SINGLE (Flyball, 89S, EV 98.1 MPH)
Nick Reed to second
Nick Reed to third
Batting: LHB Greg McIntosh 0-0: Ball
1-0: Ball
2-0: 3-RUN HOME RUN (Flyball, 9LD, EV 92.5 MPH), Distance : 333 ft
Pitching: RHP Brian Giarratan
Batting: LHB Javier Gómez 0-0: Ball
1-0: Ball
2-0: Ball
3-0: Called Strike
3-1: Foul Ball, location: 2F
3-2: Strikes out swinging
Batting: LHB Miguel Ballerini 0-0: Ball
1-0: Ball
2-0: Swinging Strike
2-1: Called Strike
2-2: SINGLE (Line Drive, 89S, EV 91.3 MPH)
Batting: LHB Carlos Flores 0-0: Foul Ball, location: 3FF
0-1: Swinging Strike
0-2: Ball
1-2: Ball
2-2: Ball
3-2: Foul Ball, location: 7LDF
3-2: Base on Balls
Miguel Ballerini to second
Batting: RHB Bob Calfee 0-0: Ball
1-0: Ball
2-0: Ball
3-0: Called Strike
3-1: Fielders Choice at 2nd, 3-6 (Groundball, 34S, EV 86.3 MPH)
Miguel Ballerini to third
Batting: RHB Sancho Madrigal 0-0: Ball
1-0: Foul Ball, location: 2F
1-1: Foul Ball, location: 9LSF
1-2: Foul Ball, location: 9LDF
1-2: Strikes out looking
Bottom of the 8th over - 3 runs, 3 hits, 0 errors, 2 left on base; Pittsburgh 0 - Cincinnati 5
TOP OF THE 9TH
Pittsburgh Pirates batting - Pitching for Cincinnati Reds : RHP Jim Barker
Batting: LHB Greg Meyer 0-0: Foul Ball, location: 2F
0-1: Called Strike
0-2: Ball
1-2: Ball
2-2: Foul Ball, location: 3F
2-2: Ball
3-2: SINGLE (Line Drive, 5D, EV 94.4 MPH)
Batting: RHB Gerald Dittler 0-0: Ball
1-0: SINGLE (Line Drive, 89M, EV 108.1 MPH)
Greg Meyer to second
Batting: LHB Lúcio Rivera 0-0: Called Strike
0-1: Ball
1-1: Fielders Choice at 2nd, 4-6 (Groundball, 4, EV 80.0 MPH)
Greg Meyer to third
Pitching: LHP Octávio Tobías
Batting: RHB Luis Cervantes 0-0: Fly out, F7 (Line Drive, 7S, EV 89.4 MPH)
Batting: RHB John Simpson 0-0: Ground out 4-3 (Groundball, 4, EV 65.0 MPH)
Top of the 9th over - 0 runs, 2 hits, 0 errors, 2 left on base; Pittsburgh 0 - Cincinnati 5
Monday, April 29th , 2024 - OOTP Baseball 24.10 Build 82